 Dungeon Crawl Stone Soup version 0.21.1-1-g345015fe64 (webtiles) character file.

21760 RageMage the Slicer (level 12, 0/100 HPs)
             Began as a Demonspawn Berserker on May 13, 2018.
             Was a High Priest of Trog.
             Slain by a snapping turtle (3 damage)
             ... on level 1 of the Shoals.
             The game lasted 00:46:06 (9630 turns).

RageMage the Slicer (Demonspawn Berserker)          Turns: 9630, Time: 00:46:08

Health: 0/100      AC: 14    Str: 19    XL:     12   Next: 57%
Magic:  0/12       EV: 18    Int: 11    God:    Trog [*****.]
Gold:   603        SH:  0    Dex: 17    Spells: 11/11 levels left

rFire    . . .     SeeInvis .   C - +5 quick blade
rCold    . . .     Gourm    .   (no shield)
rNeg     + + .     Faith    .   F - +0 troll leather armour
rPois    .         Spirit   +   u - +2 helmet of Trog's Reproof {rN+ Int+3}
rElec    .         Reflect  .   k - +0 cloak
rCorr    .         Harm     .   w - +1 pair of gloves
MR       +....                  (boots unavailable)
Stlth    +.........             (no amulet)
HPRegen  0.66/turn              m - ring of positive energy
MPRegen  0.26/turn              v - ring of protection from magic

@: about to teleport, engulfed (cannot breathe), berserk cooldown, slowed, very
slow
A: hooves 3, slimy green scales 1, powered by death 1, magic shield, magic
regeneration
a: Berserk, Trog's Hand, Brothers in Arms, Burn Spellbooks, Renounce Religion


You were on level 1 of the Shoals.
You worshipped Trog.
Trog was extremely pleased with you.
You were near starving.

You visited 3 branches of the dungeon, and saw 14 of its levels.

You collected 727 gold pieces.
You spent 124 gold pieces at shops.

Inventory:

Hand Weapons
 a - a +0 mace
 d - a +5 dagger of protection
 j - a +2 quarterstaff of chaos
 C - a +5 quick blade (weapon)
Missiles
 L - 3 large rocks
Armour
 b - a +0 animal skin
 e - a +0 ring mail
 f - a +0 centaur barding
 k - a +0 cloak (worn)
 q - a +3 ring mail of cold resistance
 u - the +2 helmet of Trog's Reproof (worn) {rN+ Int+3}
   (You acquired it on level 8 of the Dungeon)

   It affects your intelligence (+3).
   It protects you from negative energy.
 w - a +1 pair of gloves (worn)
 F - a +0 troll leather armour (worn)
Jewellery
 m - a ring of positive energy (left hand)
 r - a -3 ring of strength
 s - a +5 ring of strength
 v - a ring of protection from magic (right hand)
 P - an uncursed amulet of guardian spirit {unknown}
Wands
 p - a wand of enslavement (5)
 A - a wand of acid (15)
 E - a wand of clouds (5)
 G - a wand of digging (19)
 H - a wand of random effects (32)
 J - a wand of flame (19)
Scrolls
 t - 10 scrolls of identify
 x - 3 scrolls of remove curse
 y - a scroll of magic mapping
 B - a scroll of fear
 K - a scroll of enchant weapon
 M - a scroll of enchant armour
 N - a scroll of acquirement
 O - a scroll of brand weapon {unknown}
Potions
 g - a potion of degeneration {unknown}
 h - 3 potions of agility
 l - 2 potions of brilliance {unknown}
 o - a potion of flight
 z - a potion of might
 D - a potion of haste {unknown}
 I - a potion of lignification {unknown}
Comestibles
 c - 16 rations
 i - 2 chunks of flesh


   Skills:
 + Level 11.2 Fighting
 + Level 11.3 Short Blades
 + Level 3.4 Maces & Flails
 + Level 8.3 Armour
 + Level 9.2 Dodging
 - Level 0.8 Stealth


You had 11 spell levels left.
You didn't know any spells.

Dungeon Overview and Level Annotations

Branches:
Dungeon (11/15)            Temple (0/1) D:6            Lair (2/6) D:11
 Shoals (1/4) Lair:2       Spider (0/4) Lair:2          Orc (0/2) D:9

Altars:
Gozag
Hepliaklqana
Kikubaaqudgha
Okawaru
Sif Muna
Trog
Uskayaw
Beogh

Shops:
D:5 *   D:8 *   D:9 *


Innate Abilities, Weirdness & Mutations

You have hooves in place of feet.
You are partially covered in slimy green scales. (AC +2)
You regenerate a little health from kills.
When hurt, damage is shared between your health and your magic reserves.
You regenerate magic rapidly.


Message History

Trog accepts your kill.
Trog appreciates your killing of a magic user.
Your life force feels restored.
The water elemental misses you.
You are no longer berserk.
You are exhausted.
You feel yourself slow down.
The water elemental completely misses you.
The snapping turtle bites you from afar!
* * * LOW HITPOINT WARNING * * *
Things that are here:
a rapier of draining; a robe; a merfolk corpse
As you read the scroll of teleportation, it crumbles to dust.
You feel strangely unstable.
The water elemental completely misses you.
The water elemental hits you!!
* * * LOW HITPOINT WARNING * * *
The water elemental engulfs you in water!
The snapping turtle bites you from afar.
You die...

≈≈≈≈≈≈(≈≈....≈.#
≈≈≈≈≈≈(((.#..≈.# ..
≈≈≈≈≈≈≈≈≈....≈.## .≈≈
≈≈≈≈≈≈≈..≈≈≈)...#####(≈≈
≈.≈≈≈≈≈.≈≈≈≈≈))........≈
...≈≈≈≈.≈≈≈≈.)≈≈≈.......
##.≈≈≈≈.≈≈≈...t)≈≈..#
##.≈≈≈≈≈≈≈≈..##.≈E.##
...≈≈≈≈≈≈≈≈.≈###@..#
...≈≈≈≈≈≈≈≈≈≈≈≈.E≈.#
...≈≈≈≈≈.≈≈≈≈≈≈≈≈≈....
≈....≈≈≈.≈≈≈≈≈≈≈≈≈......
≈..##≈≈≈≈≈≈≈≈.(≈≈≈.#..≈.
≈≈## ≈≈≈≈≈.≈≈≈≈.)≈....≈≈
≈≈. ≈≈≈≈....≈≈[..≈..≈≈≈
≈≈≈. ≈≈≈≈.....≈≈≈≈≈≈≈≈≈≈
≈≈≈≈≈ ≈..##


You could see a snapping turtle and 2 water elementals.

Vanquished Creatures
  Erica (D:11)
  A merfolk avatar (Shoals:1)
  A merfolk aquamancer (Shoals:1)
  2 two-headed ogres
  The ghost of Freyura the Cleaver, a novice HOFi of Okawaru (D:7)
  The ghost of grerr the Reanimator, a novice DsNe of Qazlal (D:8)
  A sea snake (Shoals:1)
  The ghost of Ryomija the Cleaver, a novice MiFi of Okawaru (D:6)
  An ugly thing (D:11)
  A cyclops (D:11)
  4 fauns (Shoals:1)
  A merfolk siren (Shoals:1)
  A spiny frog (Lair:2)
  A merfolk (Shoals:1)
  A troll (D:9)
  5 blink frogs (Lair:1)
  A hippogriff (Lair:1)
  A snapping turtle (Lair:2)
  The ghost of yann the Magician, an amateur OpWz of Vehumet (D:4)
  37 yaks
  A wyvern (D:10)
  A basilisk (Lair:2)
  A water moccasin (Lair:1)
  Duvessa (D:4)
  2 porcupines
  7 orc warriors
  4 sky beasts
  2 black bears (D:8)
  3 ice beasts
  3 phantoms
  6 ogres
  4 centaurs
  4 crocodiles
  5 bullfrogs
  A gnoll sergeant (D:8)
  Dowan (D:4)
  2 scorpions
  5 killer bees (D:10)
  5 wights (D:9)
  5 electric eels (Lair:1)
  4 howler monkeys
  5 crimson imps
  A bullfrog zombie (D:7)
  3 centaur zombies
  6 hounds
  A jelly (D:3)
  Crazy Yiuf (D:2)
  8 orc priests
  Natasha (thrice) (D:4)
  3 bullfrog skeletons
  6 iguanas
  Ijyb (D:4)
  5 orc wizards
  8 worker ants
  A killer bee zombie (D:5)
  3 worker ant zombies
  2 howler monkey skeletons
  6 adders
  15 gnolls
  2 shadow imps
  3 oozes
  2 worms
  A dart slug (D:3)
  A leopard gecko (D:3)
  50 orcs
  5 bats
  6 giant cockroaches
  12 goblins
  6 hobgoblins
  4 jackals
  5 quokkas
  2 ball pythons
  3 frilled lizards
  3 kobolds
  A leopard gecko skeleton (D:4)
  A quokka skeleton (D:7)
  A quokka zombie (D:6)
  4 rats (D:1)
  A butterfly (Lair:1)
  2 fungi (D:1)
  2 plants (Lair:2)
326 creatures vanquished.

Vanquished Creatures (others)
  4 plants (Lair:1)
4 creatures vanquished.

Grand Total: 330 creatures vanquished

Notes
Turn   | Place    | Note
-------+----------+-------------------------------------------
     0 | D:1      | RageMage the Demonspawn Berserker began the quest for the Orb.
     0 | D:1      | Reached XP level 1. HP: 18/18 MP: 1/1
   108 | D:1      | Gained mutation: You have large cloven feet. [demonic ancestry]
   108 | D:1      | Reached XP level 2. HP: 6/24 MP: 2/2
   922 | D:1      | Gained mutation: When hurt, damage is shared between your health and your magic reserves. [demonic ancestry]
   922 | D:1      | Reached XP level 3. HP: 29/29 MP: 3/3
  1034 | D:2      | Reached ** piety under Trog
  1322 | D:2      | Found a runed door.
  1326 | D:2      | Noticed Crazy Yiuf
  1332 | D:2      | Killed Crazy Yiuf
  1332 | D:2      | Reached XP level 4. HP: 29/35 MP: 2/4
  1375 | D:3      | Reached skill level 1 in Short Blades
  1666 | D:3      | Found a hide-covered altar of Uskayaw.
  1714 | D:3      | Found an ancient bone altar of Kikubaaqudgha.
  1726 | D:3      | Reached XP level 5. HP: 38/42 MP: 5/5
  2448 | D:4      | Gained mutation: You regenerate a little health from kills. [demonic ancestry]
  2448 | D:4      | Reached XP level 6. HP: 48/48 MP: 6/6
  2499 | D:4      | Noticed yann's ghost (amateur OpWz)
  2508 | D:4      | Killed yann's ghost
  2508 | D:4      | Reached *** piety under Trog
  2533 | D:4      | Gained mutation: You regenerate magic rapidly. [demonic ancestry]
  2533 | D:4      | Reached XP level 7. HP: 47/54 MP: 4/7
  2568 | D:4      | Noticed Natasha
  2585 | D:4      | Killed Natasha
  2693 | D:4      | Noticed Duvessa
  2694 | D:4      | Noticed Dowan
  2703 | D:4      | Killed Duvessa
  2721 | D:4      | Killed Dowan
  2800 | D:4      | Noticed Natasha
  2807 | D:4      | Killed Natasha
  2894 | D:4      | Noticed Natasha
  2908 | D:4      | Killed Natasha
  2968 | D:4      | Noticed Ijyb
  3002 | D:4      | Killed Ijyb
  3163 | D:5      | Entered Level 5 of the Dungeon
  3167 | D:5      | Reached skill level 5 in Short Blades
  3167 | D:5      | Gained mutation: You have hoof-like feet. [demonic ancestry]
  3167 | D:5      | Reached XP level 8. HP: 61/61 MP: 8/8
  3174 | D:5      | Found Pikatz's Elemental Accessories.
  3375 | D:5      | Reached **** piety under Trog
  3826 | D:6      | Noticed Ryomija's ghost (novice MiFi)
  3845 | D:6      | Killed Ryomija's ghost
  3845 | D:6      | Reached skill level 5 in Fighting
  3845 | D:6      | Reached skill level 5 in Armour
  3906 | D:6      | Found a staircase to the Ecumenical Temple.
  3917 | D:6      | Gained mutation: You have hooves in place of feet. [demonic ancestry]
  3917 | D:6      | Reached XP level 9. HP: 59/68 MP: 9/9
  4413 | D:6      | Reached skill level 5 in Dodging
  4486 | D:6      | Found a deep blue altar of Sif Muna.
  4617 | D:7      | Noticed Freyura's ghost (novice HOFi)
  4641 | D:7      | Killed Freyura's ghost
  5436 | D:8      | Identified a scroll of acquirement
  5439 | D:8      | Got an encrusted helmet
  5445 | D:8      | Identified the +2 helmet of Trog's Reproof {rN+ Int+3} (You acquired it on level 8 of the Dungeon)
  5521 | D:8      | Found Xaenwiniesh's Assorted Antiques.
  5533 | D:8      | Bought a green potion for 28 gold pieces
  5533 | D:8      | Bought a scroll labeled CIUJIOKODE for 32 gold pieces
  5533 | D:8      | Bought a scroll of identify for 64 gold pieces
  5539 | D:8      | Noticed grerr's ghost (novice DsNe)
  5555 | D:8      | Killed grerr's ghost
  5555 | D:8      | Reached XP level 10. HP: 77/77 MP: 10/10
  5587 | D:8      | Found a hazy altar of Hepliaklqana.
  5629 | D:8      | Found a bloodstained altar of Trog.
  5676 | D:8      | Found an iron altar of Okawaru.
  5847 | D:8      | Found an ancient bone altar of Kikubaaqudgha.
  5850 | D:8      | Reached ***** piety under Trog
  6097 | D:8      | Noticed a two-headed ogre
  6114 | D:8      | Killed a two-headed ogre
  6174 | D:9      | Found a roughly hewn altar of Beogh.
  6221 | D:9      | Noticed a two-headed ogre
  6228 | D:9      | Found Gozag's Platinum Reserve.
  6229 | D:9      | Found an opulent altar of Gozag.
  6456 | D:9      | Received a gift from Trog
  6475 | D:9      | Found a staircase to the Orcish Mines.
  6556 | D:9      | Killed a two-headed ogre
  7107 | D:9      | Reached XP level 11. HP: 86/86 MP: 11/11
  7257 | D:10     | Entered Level 10 of the Dungeon
  7263 | D:10     | Reached skill level 10 in Short Blades
  7889 | D:11     | Noticed a green ugly thing
  7917 | D:11     | Killed a green ugly thing
  7932 | D:11     | Noticed Erica
  7952 | D:11     | Killed Erica
  8087 | D:11     | Found a staircase to the Lair.
  8098 | Lair:1   | Entered Level 1 of the Lair of Beasts
  8216 | Lair:1   | Reached skill level 10 in Fighting
  8228 | Lair:1   | Gained mutation: You are partially covered in slimy green scales. (AC +2) [demonic ancestry]
  8228 | Lair:1   | Reached XP level 12. HP: 95/97 MP: 7/12
  9264 | Lair:2   | Found a hole to the Spider Nest.
  9400 | Lair:2   | Found a staircase to the Shoals.
  9424 | Shoals:1 | Entered Level 1 of the Shoals
  9424 | Shoals:1 | Noticed a merfolk avatar
  9493 | Shoals:1 | Killed a merfolk avatar
  9599 | Shoals:1 | Noticed a merfolk aquamancer
  9628 | Shoals:1 | Killed a merfolk aquamancer
  9630 | Shoals:1 | HP: 3/100 [water elemental (16)]
  9630 | Shoals:1 | Slain by a snapping turtle

Skill      XL: |  1  2  3  4  5  6  7  8  9 10 11 12 |
---------------+-------------------------------------+-----
Dodging        | 2 3 4 6 8 9 |  9.2
Maces & Flails | 3 |  3.4
Armour         | 2 3 4 5 6 7 8 |  8.3
Short Blades   | 1 2 3 5 6 8 9 10 11 | 11.3
Fighting       | 4 5 6 8 10 11 | 11.2
Stealth        | |  0.8

Action                   |  1- 3 |  4- 6 |  7- 9 | 10-12 || total
-------------------------+-------+-------+-------+-------++-------
Melee: Mace              |    45 |       |       |       ||    45
       Dagger            |    69 |   130 |   419 |   168 ||   786
       Kick              |    26 |    40 |   142 |   360 ||   568
       Quick blade       |       |       |       |   708 ||   708
Invok: Berserk           |     2 |     2 |    11 |    12 ||    27
       Trog's Hand       |       |       |       |     2 ||     2
  Use: Scroll            |       |     1 |    10 |     5 ||    16
       Potion            |       |       |       |     8 ||     8
 Stab: Sleeping          |     1 |       |       |       ||     1
  Eat: Chunk             |     2 |     3 |    13 |     5 ||    23
       Ration            |       |     1 |     2 |     6 ||     9
Armor: Animal skin       |    15 |       |       |       ||    15
       Ring mail         |    27 |    58 |   140 |    75 ||   300
       Troll leather arm |       |       |       |    64 ||    64
Dodge: Dodged            |    76 |    70 |   194 |   339 ||   679
